 Dungeon Crawl Stone Soup version 0.30-a0-347-gf58ed5266c (webtiles) character file.

Game seed: 7651391766799407618

32120 Lanoc the Protected (level 13, -4/123 HPs)
             Began as an Armataur Berserker on Nov 6, 2022.
             Was a High Priest of Trog.
             Slain by a large abomination (25 damage)
             ... on level 3 of the Abyss.
             The game lasted 00:32:10 (12521 turns).

Lanoc the Protected (Armataur Berserker)           Turns: 12521, Time: 00:32:10

Health: -4/123     AC: 23    Str: 26    XL:     13   Next: 29%
Magic:  13/13      EV:  8    Int: 14    God:    Trog [*****.]
Gold:   266        SH:  0    Dex:  9    Spells: 12/12 levels left

rFire   x . .      SeeInvis .    a - +0 demon whip (venom)
rCold   + . .      Faith    +    (no shield)
rNeg    . . .      Spirit   .    E - +4 scale mail {rC+}
rPois   +          Reflect  .    (no helmet)
rElec   .          Harm     .    t - +0 cloak
rCorr   +          Roll     +    (no gloves)
Will    ++++.                    J - +2 barding of the Armadillo {rF- Will+ Slay+2}
Stlth   ..........               y - amulet of faith
HPRegen 1.40/turn                e - ring of resist corrosion
MPRegen 0.13/turn                n - ring of Irydog {Fly rPois Will+ Int+4}

@: strong-willed, flying, regenerating
A: large, rugged brown scales 3, deformed body, armoured tail, roll, long
tongue, awkward tongue
a: Renounce Religion, Berserk, Trog's Hand, Brothers in Arms


You were on level 3 of the Abyss.
You worshipped Trog.
Trog was extremely pleased with you.
You visited 2 branches of the dungeon, and saw 15 of its levels.
You visited the Abyss 1 time.

You collected 1141 gold pieces.
You spent 875 gold pieces at shops.

Inventory:

Hand Weapons
 a - a +0 demon whip of venom (weapon)
 b - the +9 shortbow of Dominance {flame, rC+++ Will- Dex-2}
   (You found it on level 2 of the Dungeon)

   Any ammunition fired from it burns those it strikes, dealing additional fire
   damage.
   Dex:       It affects your dexterity (-2).
   rC:        It renders you almost immune to cold.
   Will:      It decreases your willpower.
 B - the +8 quarterstaff "Udas" {vorpal, rN+ Str-2 Int+3 SInv}
   (You found it on level 3 of the Abyss)

   It inflicts extra damage upon your enemies.
   Str:       It affects your strength (-2).
   Int:       It affects your intelligence (+3).
   rN:        It protects you from negative energy.
   SInv:      It lets you see invisible.
Missiles
 C - 2 throwing nets
Armour
 t - a +0 cloak (worn)
 E - a +4 scale mail of cold resistance (worn)
 J - the +2 barding of the Armadillo (worn) {rF- Will+ Slay+2}
   (You acquired it on level 1 of the Dungeon)

   Slay:      It affects your accuracy & damage with ranged weapons and melee
   (+2).
   rF:        It makes you vulnerable to fire.
   Will:      It increases your willpower.
Jewellery
 e - a ring of resist corrosion (left hand)
 f - a ring of protection from cold
 j - an amulet of regeneration
 n - the ring of Irydog (right hand) {Fly rPois Will+ Int+4}
   (You found it on level 3 of the Dungeon)

   [ring of willpower]

   Int:       It affects your intelligence (+4).
   rPois:     It protects you from poison.
   Fly:       It grants you flight.
   Will:      It increases your willpower.
 y - an amulet of faith (around neck)
Wands
 h - a wand of light (4)
 m - a wand of polymorph (7)
 x - a wand of charming (9)
 A - a wand of roots (5)
 D - a wand of mindburst (4)
 I - a wand of flame (6)
Scrolls
 d - 2 scrolls of magic mapping
 g - a scroll of enchant weapon
 i - 3 scrolls of identify
 k - a scroll of fear
 p - 2 scrolls of brand weapon
 r - 3 scrolls of teleportation
 v - a scroll of enchant armour
 w - a scroll of poison {unknown}
 G - a scroll of amnesia {unknown}
 H - a scroll of immolation
Potions
 c - 4 potions of ambrosia
 l - 4 potions of curing
 o - 4 potions of mutation
 s - a potion of magic
 u - a potion of invisibility
 z - 2 potions of haste
 F - 3 potions of might


   Skills:
 + Level 10.8 Fighting
 - Level 12.4 Maces & Flails
 + Level 13.6 Armour
 + Level 8.1 Dodging


You had 12 spell levels left.
You didn't know any spells.
Your spell library was empty.

Dungeon Overview and Level Annotations

Branches:
Dungeon (14/15)            Temple (0/1) D:7            Lair (0/5) D:9
    Orc (1/2) D:12         Vaults (0/5) D:13

Altars:
Uskayaw
Vehumet
Xom
Yredelemnul

Shops:
D:1 (?=(!   D:4 *   D:7 [   D:10 :   D:12 *   Orc:1 :=

Annotations:
D:11 3 runed translucent doors, HoaS's ghost, journeyman TeHu
D:12 2 transporters, BLiZZARD's ghost, journeyman DsFi


Innate Abilities, Weirdness & Mutations

You are completely covered in rugged brown scales. (AC +3, +7% HP)
Armour fits poorly on your strangely shaped body.
You have a long armoured tail.
You roll when moving toward enemies. (Rampage)
Your long tongue fully drains potion bottles. (2x potion effects)
Your tongue gives you trouble enunciating. (1.5x scroll delay)


Message History

The flying skull hits you but does no damage.
You whack the flying skull!
The flying skull is severely damaged.
The flying skull hits you but does no damage.
You hit the flying skull.
The flying skull is almost destroyed.
The flying skull hits you but does no damage. x2
You whack the flying skull!
You destroy the flying skull!
Trog accepts your kill.
The flying skull hits you but does no damage.
The flying skull attacks as you move away!
The flying skull hits you but does no damage.
You closely miss the flying skull. The flying skull hits you.
* * * LOW HITPOINT WARNING * * *
You hit the flying skull but do no damage.
The flying skull hits you.
* * * LOW HITPOINT WARNING * * *
You hit the flying skull.
The flying skull is lightly damaged.
The flying skull hits you but does no damage.
You closely miss the flying skull.
Your tail-slap misses the flying skull.
The flying skull closely misses you.
You miss the flying skull. The flying skull barely misses you.
You barely miss the flying skull.
The flying skull hits you but does no damage.
You whack the flying skull!
The flying skull is almost destroyed.
You whack the flying skull!
You destroy the flying skull!
Trog accepts your kill.
You start resting.
You recover from your berserk rage.
You feel your health improve.
You hit the large abomination but do no damage.
The large abomination is heavily damaged.
You whack the large abomination!
The large abomination is almost destroyed.
The large abomination hits you!!
You die...

#. #.#† #.
.# . . # #
#. # . .† #
.## # # .
##########
#...
#..@#.#..#
..... ##
#.#.#X#.X..
.# ##.#
#.##.####
.## .. ..#
#.# # #.#
## ..# ##.
. ## #.
#.## ..##
.# . . .# #
# #♣


You could see a large abomination.

Vanquished Creatures
  Josephine (Orc:1)
  A vault guard (D:13)
  3 centaur warriors
  A death knight (D:14)
  4 boulder beetles
  2 two-headed ogres (D:11)
  2 thrashing horrors (Abyss:3)
  Urug (D:10)
  Amaemon (D:9)
  Lodul (D:13)
  Pikel (D:9)
  An ugly thing (D:13)
  2 manticores (D:13)
  An orc sorcerer (Orc:1)
  2 cyclopes
  A molten gargoyle (D:13)
  A smoke demon (Abyss:3)
  2 unseen horrors
  A gargoyle (D:10)
  An orange demon (D:9)
  A large abomination (Abyss:3)
  Maggie (D:6)
  A centaur skeleton (Abyss:3)
  An efreet (D:13)
  A tengu conjurer (D:10)
  A hellwing (Abyss:3)
  An ancient zyme (Abyss:3)
  A meliai (D:13)
  5 trolls
  A hornet (D:9)
  4 slime creatures (D:12)
  A blink frog (Abyss:3)
  4 raiju (Abyss:3)
  A dire elephant simulacrum (Abyss:3)
  A small abomination (Abyss:3)
  4 flying skulls (Abyss:3)
  5 wyverns
  Sigmund (D:5)
  7 wraiths
  14 yaks
  2 basilisks
  2 steam dragons
  A neqoxec (Abyss:3)
  A redback (shapeshifter) (D:13)
  5 vampire mosquitoes
  Menkaure (D:7)
  2 wargs (Orc:1)
  3 acid dragons
  5 water moccasins
  3 black bears
  9 orc warriors
  2 ice beasts
  2 sky beasts (D:7)
  4 boggarts (D:13)
  12 ogres
  8 centaurs
  A lemure (D:9)
  A phantom (D:6)
  A gnoll sergeant (D:10)
  An earth elemental (Abyss:3)
  4 bullfrogs
  A necrophage (D:6)
  A scorpion (D:5)
  6 wights
  2 lava snakes (D:13)
  A jelly (D:4)
  An iron imp (Abyss:3)
  A hound (D:5)
  5 orc priests
  Crazy Yiuf (D:3)
  2 bullfrog zombies (D:5)
  Ijyb (D:3)
  Terence (D:3)
  12 orc wizards
  6 iguanas
  A scorpion zombie (D:5)
  A killer bee zombie (D:5)
  A howler monkey zombie (D:5)
  3 adders
  8 gnolls
  A shadow imp (D:6)
  A white imp (D:7)
  2 ufetubi
  A worm (D:3)
  2 dart slugs (D:1)
  65 orcs
  5 ball pythons
  9 endoplasms
  2 giant cockroaches (D:1)
  7 goblins
  3 hobgoblins
  3 jackals (D:1)
  5 kobolds
  2 quokkas
  4 bats
  3 frilled lizards (D:1)
  8 rats
334 creatures vanquished.

Vanquished Creatures (others)
  A wyvern (D:9)
  3 demonic plants (Abyss:3)
  7 fungi
  21 plants (D:9)
  4 toadstools (D:1)
36 creatures vanquished.

Grand Total: 370 creatures vanquished

Notes
Turn   | Place    | Note
-------+----------+-------------------------------------------
     0 | D:1      | Lanoc the Armataur Berserker began the quest for the Orb.
     0 | D:1      | Reached XP level 1. HP: 19/19 MP: 1/1
    60 | D:1      | Found Upittuf's Antique Weapon Shop.
    60 | D:1      | You fall into a shaft and drop 1 floor!
   104 | D:2      | Reached XP level 2. HP: 25/26 MP: 2/2
   235 | D:1      | Found Muod's Jewellery Shoppe.
   347 | D:1      | Found Jaxokuh's Distillery.
   441 | D:1      | Reached skill level 3 in Armour
   443 | D:1      | Reached XP level 3. HP: 24/33 MP: 3/3
   672 | D:1      | Found Zos Seoxi's Magic Scroll Shoppe.
   694 | D:1      | Found Fuzymoh's Weapon Emporium.
   923 | D:2      | Reached ** piety under Trog
  1052 | D:2      | Identified the +9 shortbow of Dominance {flame, rC+++ Will-
                  | Dex-2}
  1244 | D:2      | Reached XP level 4. HP: 39/40 MP: 4/4
  1478 | D:3      | Noticed Ijyb
  1489 | D:3      | Killed Ijyb
  1507 | D:3      | Reached XP level 5. HP: 41/48 MP: 5/5
  1533 | D:3      | Identified the ring of Irydog {Fly rPois Will+ Int+4}
  1680 | D:3      | Noticed Terence
  1688 | D:3      | Killed Terence
  1826 | D:3      | Found a radiant altar of Vehumet.
  2232 | D:3      | Found a runed translucent door.
  2233 | D:3      | Noticed Crazy Yiuf
  2239 | D:3      | Killed Crazy Yiuf
  2240 | D:3      | Reached skill level 4 in Armour
  2438 | D:4      | Reached *** piety under Trog
  2439 | D:4      | Found Herani Cuthri's Assorted Antiques.
  2447 | D:4      | Bought a viscous ruby potion for 20 gold pieces
  2447 | D:4      | Bought a dark potion for 20 gold pieces
  2447 | D:4      | Bought a scroll labelled SOLIYKUIFY for 23 gold pieces
  2509 | D:4      | Reached XP level 6. HP: 38/55 MP: 6/6
  2810 | D:5      | Entered Level 5 of the Dungeon
  2824 | D:5      | Reached skill level 5 in Maces & Flails
  2894 | D:5      | Noticed an ice beast
  2905 | D:5      | Killed an ice beast
  3193 | D:5      | Reached skill level 5 in Armour
  3193 | D:5      | Reached XP level 7. HP: 34/64 MP: 7/7
  3315 | D:5      | Noticed Sigmund
  3336 | D:5      | Killed Sigmund
  3652 | D:1      | Bought a potion of heal wounds for 50 gold pieces
  3652 | D:1      | Bought a potion of heal wounds for 50 gold pieces
  3652 | D:1      | Bought a potion of mutation for 80 gold pieces
  4000 | D:5      | Found a basalt altar of Yredelemnul.
  4004 | D:5      | Reached skill level 5 in Fighting
  4056 | D:5      | Reached skill level 6 in Armour
  4056 | D:5      | Reached XP level 8. HP: 72/72 MP: 8/8
  4286 | D:6      | Noticed Maggie
  4300 | D:6      | Killed Maggie
  4334 | D:6      | Reached skill level 7 in Armour
  4650 | D:6      | Reached XP level 9. HP: 80/80 MP: 9/9
  4799 | D:7      | HP: 3/79 [steam dragon (3)]
  4873 | D:7      | Reached **** piety under Trog
  5039 | D:7      | Found a staircase to the Ecumenical Temple.
  5164 | D:7      | Noticed Menkaure
  5170 | D:7      | Killed Menkaure
  5171 | D:7      | Reached skill level 8 in Armour
  5259 | D:7      | Found Morghotasch's Armour Boutique.
  6172 | D:8      | Reached XP level 10. HP: 89/89 MP: 10/10
  6521 | D:9      | Noticed Pikel
  6536 | D:9      | Killed Pikel
  6713 | D:9      | Noticed Amaemon
  6828 | D:9      | Reached skill level 9 in Armour
  6832 | D:9      | Found a staircase to the Lair.
  6867 | D:9      | Reached skill level 10 in Maces & Flails
  6918 | D:9      | Paralysed by a hornet for 3 turns
  7048 | D:8      | Noticed a rust devil
  7048 | D:8      | Noticed a rust devil
  7069 | D:9      | HP: 3/92 [orc warrior/+0 long sword (9)]
  7212 | D:9      | Killed Amaemon
  7256 | D:9      | Noticed an orange demon
  7266 | D:9      | Killed an orange demon
  7622 | D:9      | Reached skill level 5 in Dodging
  7843 | D:10     | Entered Level 10 of the Dungeon
  7853 | D:10     | Noticed a gargoyle
  7864 | D:10     | Killed a gargoyle
  7865 | D:10     | Reached XP level 11. HP: 63/100 MP: 11/11
  7942 | D:10     | Found a hide-covered altar of Uskayaw.
  7944 | D:10     | Found Qachaolla's Book Shoppe.
  7964 | D:10     | Found a basalt altar of Yredelemnul.
  8142 | D:10     | Reached skill level 10 in Armour
  8285 | D:10     | Noticed a sea snake
  8406 | D:10     | Noticed Urug
  8418 | D:10     | Killed Urug
  8512 | D:10     | Found a shimmering altar of Xom.
  9114 | D:11     | Noticed a boulder beetle
  9126 | D:11     | Killed a boulder beetle
  9239 | D:11     | Noticed a +0 dagger
  9240 | D:11     | Noticed a +0 spear
  9240 | D:11     | Noticed a +0 falchion
  9241 | D:11     | Noticed a +0 short sword
  9241 | D:11     | Noticed a +0 short sword
  9241 | D:11     | Noticed a +0 dagger
  9241 | D:11     | Noticed a +0 falchion
  9243 | D:11     | Noticed a +0 spear
  9244 | D:11     | Noticed a two-headed ogre
  9245 | D:11     | Found a runed translucent gate.
  9245 | D:11     | Found a runed translucent gate.
  9245 | D:11     | Noticed HoaS's ghost (journeyman TeHu)
  9246 | D:11     | Found a runed translucent gate.
  9246 | D:11     | Found a hide-covered altar of Uskayaw.
  9259 | D:11     | Killed a two-headed ogre
  9461 | D:11     | Noticed a two-headed ogre
  9464 | D:11     | Killed a two-headed ogre
  9644 | D:11     | Reached skill level 11 in Armour
  9756 | D:12     | Found Kaoddyte's Assorted Antiques.
  9778 | D:12     | Bought a scroll labelled BIKHLY MAEBYJO for 30 gold pieces
  9778 | D:12     | Bought a scroll labelled YLOEZI FEDAANN for 30 gold pieces
  9842 | D:12     | Noticed a green ugly thing
  9893 | D:12     | Noticed a boulder beetle
  9904 | D:12     | Killed a boulder beetle
  9908 | D:12     | Identified the +1 robe of Caustic the Good {Stlth+}
  9955 | D:12     | Noticed a skeletal warrior
  9981 | D:12     | Noticed a white ugly thing
 10009 | D:12     | Reached XP level 12. HP: 110/110 MP: 12/12
 10119 | D:12     | Found a staircase to the Orcish Mines.
 10258 | D:12     | Found a transporter.
 10266 | D:12     | Found a transporter.
 10336 | D:12     | Noticed BLiZZARD's ghost (journeyman DsFi)
 10383 | D:13     | Noticed Lodul
 10402 | D:13     | Killed Lodul
 10416 | D:13     | Reached ***** piety under Trog
 10461 | D:13     | Noticed a boulder beetle
 10471 | D:13     | Killed a boulder beetle
 10502 | D:13     | Noticed a boulder beetle
 10513 | D:13     | Noticed a four-headed hydra
 10517 | D:13     | Noticed a boulder beetle
 10518 | D:13     | Noticed a centaur warrior
 10518 | D:13     | Noticed a two-headed ogre
 10519 | D:13     | Killed a boulder beetle
 10573 | D:13     | Noticed a seven-headed hydra
 10578 | D:13     | Noticed a tengu warrior
 10584 | D:13     | Noticed a centaur warrior
 10661 | D:13     | Noticed a boulder beetle
 10782 | D:13     | HP: 4/112 [molten gargoyle/bolt of magma (27)]
 10861 | D:13     | Reached skill level 12 in Armour
 11015 | D:13     | Noticed a centaur warrior
 11036 | D:13     | Killed a centaur warrior
 11156 | D:13     | Found a gate to the Vaults.
 11156 | D:13     | Noticed a vault guard
 11157 | D:13     | Noticed a centaur warrior
 11170 | D:13     | Killed a vault guard
 11174 | D:13     | Reached skill level 10 in Fighting
 11179 | D:13     | Killed a centaur warrior
 11435 | D:14     | Noticed a centaur warrior
 11435 | D:14     | Noticed a death knight
 11447 | D:14     | Killed a centaur warrior
 11458 | D:14     | Killed a death knight
 11687 | D:1      | Bought a scroll of acquirement for 572 gold pieces
 11687 | D:1      | Acquired the +2 barding of the Armadillo {rF- Will+ Slay+2}
 11966 | Orc:1    | Entered Level 1 of the Orcish Mines
 11966 | Orc:1    | Noticed Josephine
 11983 | Orc:1    | Killed Josephine
 11999 | Orc:1    | Reached skill level 13 in Armour
 12005 | Orc:1    | Found Vexo's Jewellery Emporium.
 12088 | Orc:1    | Reached XP level 13. HP: 116/121 MP: 13/13
 12109 | Orc:1    | Found Laadat's Vocational Training.
 12128 | Orc:1    | Noticed an orc warlord
 12183 | Abyss:3  | Found a corrupted altar of Lugonu.
 12183 | Abyss:3  | Cast into level 3 of the Abyss (orc warlord)
 12305 | Abyss:3  | Identified the +8 quarterstaff "Udas" {vorpal, rN+ Str-2
                  | Int+3 SInv}
 12315 | Abyss:3  | Noticed an angel
 12315 | Abyss:3  | Noticed an Executioner
 12489 | Abyss:3  | HP: 2/123 [raiju/living lightning (8)]
 12521 | Abyss:3  | Slain by a large abomination

Illustrated notes

Levels and vault maps discovered:
D:1:      ldierk_water_garden, layout_rooms, serial_shops,
          nicolae_shop_waterfront, shop, nicolae_shop_bloodbath_and_beyond,
          shop, nicolae_square_shop, minmay_misc_feat_cross,
          serial_bayou_crossing
D:2:      layout_loops_corners, minmay_circle_x
D:3:      layout_rooms, lemuel_coloured_pillars_altar,
          chequers_serial_rivers_room_a, roderic_serpentine_path, uniq_ijyb,
          uniq_crazy_yiuf_cottage, uniq_terence
D:4:      layout_rooms, serial_shops, shop, minmay_large_rounded_square,
          minmay_misc_feat_tiny
D:5:      layout_basic, nicolae_yredelemnul_corpse_copse, uniq_sigmund
D:6:      layout_rooms, nicolae_overflow_hidden_temple, uniq_maggie
D:7:      layout_basic, minmay_temple_entry_wispy, serial_shops,
          kennysheep_mini_moat, uniq_menkaure
D:8:      cheibrodos_iron_armory, layout_basic
D:9:      layout_loops_ring, minmay_lair_entry_grove, kennysheep_flooded_box,
          nrook_loot_triangle, uniq_amaemon, uniq_pikel
D:10:     layout_basic, mainiacjoe_overflow_alcove_1, serial_aquarium,
          aquarium_bridge_straight [aquarium_subvault_bridge,
          aquarium_subvault_wall, aquarium_subvault_bridge,
          aquarium_subvault_balcony], aquarium_window_2, aquarium_window_fake,
          aquarium_view_2g, aquarium_view_2b, aquarium_balcony_3a,
          aquarium_pool_1, serial_shops, shop_fountains,
          chequers_serial_rivers_room_b, hangedman_feature_mirror,
          chequers_serial_rivers_small_3, corexii_hall_statues_s, uniq_urug
D:11:     layout_gridville, gammafunk_ghost_necromancy,
          small_statue_intersection, nicolae_uskayaw_en_pointe
D:12:     layout_basic, hiddenorc1_lemuel, gammafunk_ghost_abyssal_escape,
          serial_shops, nicolae_stop_n_shop_2
D:13:     layout_basic, david_vaults_5, uniq_lodul
D:14:     layout_rooms, serial_shops, shop, uniq_azrael
Orc:1:    layout_caves, serial_shops, shop, nicolae_shop_vocational,
          uniq_josephine
Abyss:3:  base: Volcano, hangedman_abyss_overflow_altar,
          evilmike_abyss_exit_plants, hangedman_classic_abyss_death,
          hangedman_classic_abyss_death, hangedman_elemental_corridor

Skill      XL: |  1  2  3  4  5  6  7  8  9 10 11 12 13 |
---------------+----------------------------------------+-----
Maces & Flails | 3 4 5 6 7 9 10 12 | 12.4
Fighting       | 3 4 5 6 7 8 10 | 10.8
Armour         | 3 4 5 6 7 8 9 11 13 | 13.6
Dodging        | 2 3 5 6 7 8 |  8.1

Action                   |  1- 3 |  4- 6 |  7- 9 | 10-12 | 13-15 || total
-------------------------+-------+-------+-------+-------+-------++-------
Melee: Mace              |    71 |     5 |     9 |       |       ||    85
       Tailslap          |     8 |       |     3 |    73 |    23 ||   107
       Unarmed           |       |    27 |       |       |       ||    27
       Demon whip        |       |       |       |   476 |   159 ||   635
       Punch             |       |       |       |    12 |     4 ||    16
       Quarterstaff      |       |       |       |       |     7 ||     7
 Fire: Shortbow          |    16 |    87 |   251 |   219 |       ||   573
Invok: Berserk           |     1 |       |       |    18 |     2 ||    21
       Trog's Hand       |       |       |     1 |     1 |     3 ||     5
       Brothers in Arms  |       |       |       |     1 |       ||     1
Evoke: Wand              |       |       |       |     1 |       ||     1
  Use: Potion            |       |       |     6 |     3 |     2 ||    11
       Scroll            |       |       |       |    15 |     2 ||    17
 Stab: Confused          |       |     1 |       |       |       ||     1
Armor: Animal skin       |    35 |    16 |    27 |       |       ||    78
       Skin              |       |    16 |       |       |       ||    16
       Acid dragon scale |       |       |    66 |    92 |       ||   158
       Scale mail        |       |       |       |   201 |   108 ||   309
Dodge: Dodged            |    52 |    87 |   106 |   197 |    50 ||   492

Table legend: (Time is in decaauts)
 A = Elapsed time spent in this place.
 B = Non-inter-level travel time spent in this place.
 C = Inter-level travel time spent in this place.
 D = Time resting spent in this place.
 E = Time spent auto-exploring this place.
 F = Levels seen in this place.
 G = Mean time per level.
                   A        B        C        D        E       F      G
               +--------+--------+--------+--------+--------+-----+--------+
         Total |  12723 |  11526 |   1197 |    108 |   8940 |  16 |  795.2 |
       Dungeon |  12260 |  11063 |   1197 |     42 |   8867 |  14 |  875.7 |
  Orcish Mines |    170 |    170 |      0 |      0 |     73 |   1 |  170.0 |
         Abyss |    293 |    293 |      0 |     66 |      0 |   1 |  293.0 |
               +--------+--------+--------+--------+--------+-----+--------+

Top non-repeatable levels by time:
     D:8: 1408 daAuts
     D:5: 1337 daAuts
     D:9: 1311 daAuts
    D:10: 1293 daAuts
     D:2: 980 daAuts
    D:13: 921 daAuts
     D:3: 830 daAuts
    D:12: 820 daAuts
     D:1: 748 daAuts
     D:7: 682 daAuts
    D:11: 659 daAuts
     D:6: 612 daAuts
     D:4: 591 daAuts
 Abyss:3: 293 daAuts
   Orc:1: 170 daAuts
